 Dungeon Crawl Stone Soup version 0.19.1-1-g22dce08 (webtiles) character file.

618 kae the Slasher (level 7, -1/61 HPs)
             Began as a Minotaur Fighter on Jan 20, 2017.
             Was a Follower of Makhleb.
             Slain by an ogre
             ... wielding a +0 giant spiked club
              (13 damage)
             ... on level 5 of the Dungeon.
             The game lasted 00:02:43 (3392 turns).

kae the Slasher (Minotaur Fighter)                  Turns: 3392, Time: 00:02:44

Health: -1/61      AC:  8    Str: 22    XL:     7   Next: 21%
Magic:  7/7        EV:  7    Int:  6    God:    Makhleb [*.....]
Gold:   180        SH:  0    Dex:  9    Spells: 0 memorised, 6 levels left

rFire  . . .     SeeInvis .     a - +1 long sword
rCold  . . .     Gourm    .     b - +1 scale mail
rNeg   . . .     Faith    .     c - +0 shield
rPois  .         Spirit   .     (helmet restricted)
rElec  .         Reflect  .     (no cloak)
rCorr  +         Harm     .     (no gloves)
MR     .....                    (no boots)
Stlth  ..........               (no amulet)
                                (no ring)
                                p - ring of resist corrosion

@: confused
A: retaliatory headbutt, horns 2
a: Renounce Religion


You were on level 5 of the Dungeon.
You worshipped Makhleb.
Makhleb was aware of your devotion.
You were near starving.

You visited 1 branch of the dungeon, and saw 5 of its levels.

You collected 238 gold pieces.
You spent 58 gold pieces at shops.

Inventory:

Hand Weapons
 a - a +1 long sword (weapon)
Armour
 b - a +1 scale mail (worn)
 c - a +0 shield (worn)
Jewellery
 p - a ring of resist corrosion (left hand)
Wands
 m - a wand of confusion (24/48)
Scrolls
 h - a scroll of identify
 i - a scroll of enchant weapon
 n - a scroll of enchant armour
 s - 3 scrolls of remove curse
Potions
 d - 2 potions of might
 e - a potion of cure mutation
 j - a potion of degeneration {unknown}
 k - a potion of heal wounds {unknown}
 l - a potion of berserk rage {unknown}
 t - a potion of mutation {unknown}
Comestibles
 f - 4 bread rations
 q - 2 meat rations
 r - a royal jelly


   Skills:
 + Level 5.4 Fighting
 * Level 6.6 Long Blades
 + Level 5.8 Armour
 - Level 3.6 Shields
 + Level 2.4 Invocations


You had 6 spell levels left.
You didn't know any spells.

Dungeon Overview and Level Annotations

Branches:
Dungeon (5/15)
 Temple: D:4-7

Altars:
Kikubaaqudgha
Makhleb
Vehumet
The Shining One

Shops:
D:4 =


Innate Abilities, Weirdness & Mutations

You reflexively headbutt those who attack you in melee.
You have a pair of horns on your head.


Message History

The orc wizard hits you but does no damage.
The orc priest invokes the aid of Beogh against you.
Beogh smites you!
* * * LOW HITPOINT WARNING * * *
The orc wizard hits you but does no damage.
You block the orc warrior's attack. You block the orc wizard's attack.
The orc wizard hits you with a dagger.
* * * LOW HITPOINT WARNING * * *
You see here 16 gold pieces.
The orc wizard gestures at you while chanting.
You resist with some effort.
The orc priest calls down the wrath of Beogh upon you.
Beogh smites you!
* * * LOW HITPOINT WARNING * * *
It was a potion of ambrosia.
You are confused.
You feel invigorated.
You feel yourself speed up.
The ogre hits you with a giant spiked club!
You die...

,,,,,>,,,* ##.Z##
,,,,,,,,,* #...##
,,,,,*,,** #..o.##
*,,***,** ##....#
*,,,,,,** #...o##
*,,**,,,** ##..o.#
*,,**,,,,*** ##.o.#
*,,**,***,,* ##O##
,,,,,,* *,,* #@.#
,*,******,,** *#.##
,*,**,,,,,,,***..#
,,,,,,,,*,,,,,..##
*,,,,,,,,,,,,..#*
*,,,,,,,,,,,...,*
,,,,,,,,,,,...#,**
,,,,,,,,,,....*,,**
,,,,,,,,,,,,,***,,*


You could see an ogre, an orc priest and 2 orc wizards.

Vanquished Creatures
  The ghost of dscm the Covert, a novice OpEn (D:5)
  A scorpion (D:4)
  A hound (D:2)
  Terence (D:3)
  4 worker ants (D:4)
  8 adders
  6 worms (D:2)
  3 leopard geckos
  8 orcs
  2 giant cockroaches
  4 hobgoblins
  5 jackals
  4 ball pythons
  5 bats
  3 frilled lizards
  7 goblins
  8 kobolds
  15 rats
86 creatures vanquished.

Vanquished Creatures (others)
  A human (D:2)
1 creature vanquished.

Grand Total: 87 creatures vanquished

Notes
Turn   | Place    | Note
-------+----------+-------------------------------------------
     0 | D:1      | kae the Minotaur Fighter began the quest for the Orb.
     0 | D:1      | Reached XP level 1. HP: 19/19 MP: 0/0
   157 | D:1      | Reached XP level 2. HP: 26/27 MP: 1/1
   216 | D:1      | Reached skill level 3 in Long Blades
   726 | D:2      | Reached XP level 3. HP: 29/33 MP: 2/2
   998 | D:2      | Reached skill level 4 in Long Blades
  1034 | D:2      | Found a radiant altar of Vehumet.
  1094 | D:2      | Reached XP level 4. HP: 36/40 MP: 3/3
  1258 | D:2      | Found an ancient bone altar of Kikubaaqudgha.
  1259 | D:2      | Noticed a human
  1262 | D:2      | Killed a human
  1375 | D:2      | Found a burning altar of Makhleb.
  1568 | D:2      | Became a worshipper of Makhleb the Destroyer
  1801 | D:3      | Reached XP level 5. HP: 46/47 MP: 4/4
  2141 | D:3      | Reached skill level 5 in Long Blades
  2161 | D:3      | Noticed Terence
  2168 | D:3      | Killed Terence
  2311 | D:3      | Found a faded altar of an unknown god.
  2533 | D:3      | You fall through a shaft for 2 floors!
  2533 | D:5      | Entered Level 5 of the Dungeon
  2538 | D:5      | Noticed dscm's ghost (novice OpEn)
  2559 | D:5      | Killed dscm's ghost
  2559 | D:5      | Reached skill level 5 in Fighting
  2559 | D:5      | Reached skill level 6 in Long Blades
  2559 | D:5      | Reached skill level 5 in Armour
  2559 | D:5      | Reached XP level 6. HP: 53/56 MP: 4/6
  2620 | D:4      | Reached * piety under Makhleb
  2865 | D:4      | Reached XP level 7. HP: 52/61 MP: 7/7
  2965 | D:4      | Found Hawuph's Jewellery Shop.
  2980 | D:4      | Bought a cursed ring of loudness for 58 gold pieces
  3378 | D:5      | Found a glowing golden altar of the Shining One.
  3392 | D:5      | Slain by an ogre

Skill      XL: |  1  2  3  4  5 |
---------------+----------------+-----
Armour         | 4 5 |  5.8
Long Blades    | 3 4 6 |  6.6
Fighting       | 4 5 |  5.4
Invocations    | 2 |  2.4
Shields        | |  3.6

Action                   |  1- 3 |  4- 6 |  7- 9 || total
-------------------------+-------+-------+-------++-------
Melee: Long sword        |    98 |   123 |    24 ||   245
       Headbutt          |    17 |    21 |     7 ||    45
  Use: Scroll            |       |       |    10 ||    10
       Potion            |       |       |     1 ||     1
 Stab: Distracted        |     1 |       |       ||     1
  Eat: Chunk             |     1 |     1 |       ||     2
       Bread ration      |       |     1 |       ||     1
Armor: Scale mail        |    36 |    41 |    14 ||    91
Dodge: Dodged            |    31 |    34 |     2 ||    67
Block: Shield            |    52 |    56 |    15 ||   123
       Rpst.: Long sword |    10 |     9 |       ||    19
